 Dungeon Crawl Stone Soup version 0.31.0 (webtiles) character file.

Game seed: 11145673882739842158

86 gelatine the Poker (level 4, -14/36 HPs)
             Began as a Demigod Wanderer on Jan 20, 2024.
             Demolished by a sleepcap (17 damage)
             ... on level 4 of the Dungeon.
             The game lasted 00:05:52 (2195 turns).

gelatine the Poker (Demigod Wanderer)               Turns: 2195, Time: 00:05:53

Health: -14/36     AC:  6    Str: 11    XL:     4   Next: 6%
Magic:  9/9        EV:  2    Int: 16    God:
Gold:   138        SH:  0    Dex: 17    Spells: 6/6 levels left

rFire   . . .        s - +0 short sword
rCold   . . .        c - +0 buckler
rNeg    . . .        e - +0 robe
rPois   .            (no helmet)
rElec   .            (no cloak)
rCorr   .            m - +2 pair of gloves
SInv    .            k - +0 pair of boots
Will    .....        (no amulet)
Stlth   ++           (no ring)
HPRegen 0.26/turn    (no ring)
MPRegen 0.11/turn

%: no passive effects
@: sleeping
A: high MP 1, forlorn, divine attributes
a: no special abilities


You were on level 4 of the Dungeon.
You visited 1 branch of the dungeon, and saw 4 of its levels.

You collected 138 gold pieces.

Inventory:

Hand Weapons
 a - a +2 spear
 b - a +0 falchion
 s - a +0 short sword (weapon)
Missiles
 f - 10 poisoned darts (quivered)
 i - 5 boomerangs
Armour
 c - a +0 buckler (worn)
 e - a +0 robe (worn)
 k - a +0 pair of boots (worn)
 m - a +2 pair of gloves (worn)
Scrolls
 h - 3 scrolls of immolation {unknown}
 n - 2 scrolls of identify {unknown}
 p - a scroll of enchant armour {unknown}
 t - a scroll of vulnerability {unknown}
Potions
 d - a potion of lignification
 g - 2 potions of mutation {unknown}
 j - a potion of haste {unknown}
 l - a potion of invisibility {unknown}
 o - a potion of enlightenment {unknown}
 q - a potion of berserk rage {unknown}
 r - a potion of attraction {unknown}


   Skills:
 * Level 2.0 Fighting
 * Level 2.0 Long Blades
 + Level 5.1 Polearms
 + Level 0.7 Throwing
 * Level 0.2 Armour
 * Level 0.2 Dodging
 + Level 0.2 Stealth
 * Level 1.1 Shields
 * Level 1.5 Spellcasting


You had 6 spell levels left.
You didn't know any spells.
Your spell library contained the following spells:

 Spells                   Type           Power      Damage    Failure   Level
 Summon Small Mammal      Summ           4%         N/A       32%         1
 Cigotuvi's Dreadful Rot  Necr/Alch/Air  2%         N/A       43%         2
 Call Canine Familiar     Summ           1%         N/A       67%         3
 Fugue of the Fallen      Necr           1%         N/A       67%         3
 Inner Flame              Hex/Fire       1%         N/A       67%         3
 Ozocubu's Armour         Ice            1%         N/A       67%         3
 Flame Wave               Conj/Fire      1%         2d4       97%         4
 Ignite Poison            Fire/Alch      1%         N/A       97%         4
 Manifold Assault         Tloc           1%         N/A       97%         4
 Sticky Flame             Fire/Alch      1%         2d4       97%         4
 Summon Blazeheart Golem  Fire/Summ      1%         N/A       97%         4
 Freezing Cloud           Conj/Ice/Air   0%         6-21      100%        5


Dungeon Overview and Level Annotations

Branches:
Dungeon (4/15)
 Temple: D:4-7


Innate Abilities, Weirdness & Mutations

You have an increased reservoir of magic. (+10% MP)
You shall have no god before yourself.
Your divine heritage dramatically boosts your attributes as you level up.


Message History

The sleepcap is lightly damaged.
The sleepcap barely misses you.
Unknown command.
You hit the sleepcap but do no damage.
The sleepcap is lightly damaged.
The sleepcap closely misses you.
Unknown command.
You hit the sleepcap.
The sleepcap is moderately damaged.
You block the sleepcap's attack.
You hit the sleepcap.
The sleepcap is moderately damaged.
The sleepcap closely misses you.
You hit the sleepcap.
The sleepcap is heavily damaged.
The sleepcap barely misses you.
You hit the sleepcap.
The sleepcap is heavily damaged.
The sleepcap barely misses you.
You completely miss the sleepcap.
The sleepcap is heavily damaged.
The sleepcap releases spores at you.
* * * LOW HITPOINT WARNING * * *
You hit the sleepcap but do no damage.
The sleepcap is heavily damaged.
The sleepcap releases spores at you but does no damage.
You hit the sleepcap but do no damage.
The sleepcap is heavily damaged.
The sleepcap barely misses you.
Unknown command.
You hit the sleepcap.
The sleepcap is heavily damaged.
The sleepcap releases spores at you.
* * * LOW HITPOINT WARNING * * *
You are engulfed in a cloud of soporific spores!
You fall asleep.
The sleepcap barely misses you. x2
The sleepcap releases spores at you but does no damage.
The sleepcap releases spores at you!
You die...

## ..#########
..........#
..........#
..?.^.....#
..........#
.......f..#######
.......@.........
.."......<.......
.................
.................
.................
.................
##..##...####....
.... ..... .###
... ...#.# <


You could see a sleepcap.

Vanquished Creatures
  5 adders
  2 ribbon worms (D:2)
  A bat (D:2)
  6 endoplasms
  2 giant cockroaches
  5 hobgoblins
  A quokka (D:2)
  6 ball pythons
  2 frilled lizards
  3 goblins (D:1)
  A kobold (D:3)
  3 rats
37 creatures vanquished.

Notes
Turn   | Place    | Note
-------+----------+-------------------------------------------
     0 | D:1      | gelatine the Demigod Wanderer began the quest for the Orb.
     0 | D:1      | gelatine set off with the following items: a +2 spear, a +0
                  | falchion, a +0 buckler, a potion of lignification, a +0
                  | robe.
     0 | D:1      | Reached XP level 1. HP: 17/17 MP: 3/3
   552 | D:1      | Reached XP level 2. HP: 24/24 MP: 4/4
   678 | D:2      | Reached skill level 1 in Spellcasting
   807 | D:2      | Reached XP level 3. HP: 21/29 MP: 7/7
   975 | D:2      | Reached skill level 5 in Polearms
  1784 | D:3      | Reached XP level 4. HP: 31/36 MP: 9/9
  2195 | D:4      | Demolished by a sleepcap

Illustrated notes

Levels and vault maps discovered:
D:1:      psy_arrival_dodecagon, layout_loops_ring
D:2:      layout_rooms, kennysheep_small_spiral
D:3:      layout_rooms, nicolae_overflow_squiral,
          hellmonk_ecumenical_altar_inner_sanctum
D:4:      black_bear_nest_1, layout_rooms, uniq_ijyb

Skill      XL: |  1  2  3 |
---------------+----------+-----
Spellcasting   | 1 |  1.5
Polearms       | 5 |  5.1
Fighting       | 2 |  2.0
Long Blades    | 2 |  2.0
Throwing       | |  0.7
Armour         | |  0.2
Dodging        | |  0.2
Stealth        | |  0.2
Shields        | |  1.1

Action                     |  1- 3 |  4- 6 || total
---------------------------+-------+-------++-------
  Melee: Spear             |   124 |     4 ||   128
         Short sword       |       |    17 ||    17
  Throw: Dart              |     8 |       ||     8
   Stab: Sleeping          |     4 |       ||     4
 Armour: Robe              |    49 |    10 ||    59
  Dodge: Dodged            |    40 |     9 ||    49
  Block: Buckler           |    18 |     2 ||    20
